[Event "ICC tourney 2545 (75 10)"]
[Site "Internet Chess Club"]
[Date "2021.05.02"]
[Round "4"]
[White "Manley, Nicholas:NickManley1987"]
[Black "REMPE, LENNIK:Kokosnuss1000"]
[Result "1-0"]
[ICCResult "Black checkmated"]
[WhiteElo "1412"]
[BlackElo "1081"]
[Opening "Two knights defense"]
[ECO "C55"]
[NIC "IG.01"]
[Time "11:03:05"]
[PlyCount "65"]
[TimeControl "4500+10"]

1. e4 e5 2. Nf3 Nc6 3. Bc4 Nf6 4. d4 Bd6 5. Nc3 O-O 6. O-O Re8 7. Re1 Bb4
8. a3 Ba5 9. b4 Bb6 10. dxe5 Nxe5 11. Nxe5 Rxe5 12. Bf4 Re8 13. e5 d5 14.
Nxd5 Nxd5 15. Bxd5 Bf5 16. c3 Qh4 17. Bg3 Qg5 18. Qb3 Be6 19. Rad1 c6 20.
Bxe6 Rxe6 21. Rd6 Rxd6 22. exd6 Qd2 23. Rd1 Qe2 24. h3 Kf8 25. d7 f5 26.
Bd6+ Qe7 27. Bxe7+ Kxe7 28. Qc2 Kd8 29. Qxf5 Kc7 30. Qe5+ Kd8 31. Qe8+ Kc7
32. d8=Q+ Rxd8 33. Qxd8# { Black checkmated } 1-0

[Event "ICC tourney 2545 (75 10)"]
[Site "Internet Chess Club"]
[Date "2021.05.02"]
[Round "4"]
[White "Li, Jingtu Oscar:ZYCON"]
[Black "KRYLOV, RATISLAV:RatislavK"]
[Result "1-0"]
[ICCResult "Black checkmated"]
[WhiteElo "1408"]
[BlackElo "1493"]
[Opening "QGD semi-Slav: Chigorin defense"]
[ECO "D45"]
[NIC "SL.08"]
[Time "11:01:12"]
[PlyCount "101"]
[TimeControl "4500+10"]

1. d4 Nf6 2. c4 e6 3. Nf3 d5 4. Nc3 c6 5. e3 Bd6 6. Bd3 Nbd7 7. O-O dxc4 8.
Bxc4 b5 9. Bd3 Bb7 10. e4 e5 11. Bg5 exd4 12. Nxd4 Bxh2+ 13. Kxh2 Ne5 14.
Be2 Nfg4+ 15. Bxg4 Qxg5 16. Bh3 Rd8 17. f4 Qf6 18. fxe5 Qxe5+ 19. Kh1 Rxd4
20. Qe2 b4 21. Na4 Rxe4 22. Qxe4 Qxe4 23. Rae1 Qxe1 24. Rxe1+ Kd8 25. Nc5
Bc8 26. Bxc8 Kxc8 27. Re7 Rd8 28. Rxa7 Rd2 29. Rxf7 Rxb2 30. Rxg7 Rxa2 31.
Rxh7 Rc2 32. Nb3 Rc3 33. Rh3 c5 34. Rxc3 bxc3 35. Nxc5 c2 36. Nd3 Kc7 37.
Kg1 Kc6 38. Kf2 Kd5 39. Ke2 Kc4 40. Ke3 Kb3 41. Ke4 Ka2 42. g4 Kb1 43. g5
c1=Q 44. Nxc1 Kxc1 45. g6 Kd2 46. g7 Ke2 47. g8=Q Kd2 48. Qg2+ Kc1 49. Kd3
Kb1 50. Kc3 Ka1 51. Qb2# { Black checkmated } 1-0

[Event "ICC tourney 2545 (75 10)"]
[Site "Internet Chess Club"]
[Date "2021.05.02"]
[Round "4"]
[White "SAXENA, VIHAAN:vihaan2011"]
[Black "SHANKAR, ADITH:Queen4aKing"]
[Result "1-0"]
[ICCResult "Black resigns"]
[WhiteElo "1349"]
[BlackElo "1474"]
[Opening "Petrov: Cozio (Lasker) attack"]
[ECO "C42"]
[NIC "RG.03"]
[Time "11:01:26"]
[PlyCount "93"]
[TimeControl "4500+10"]

1. e4 e5 2. Nf3 Nf6 3. Nxe5 d6 4. Nf3 Nxe4 5. Qe2 Qe7 6. d3 Nf6 7. Qxe7+
Bxe7 8. Be2 O-O 9. O-O Nc6 10. c3 Bg4 11. Be3 d5 12. h3 Bf5 13. Nh4 Be6 14.
Bf4 Nh5 15. Bxh5 Bxh4 16. Bxc7 Rac8 17. Bf4 d4 18. Rd1 Bf5 19. c4 Nb4 20.
Bd6 Nc2 21. Bxf8 Kxf8 22. Bg4 Bxg4 23. hxg4 Re8 24. Kf1 Bg5 25. Na3 Nxa1
26. Rxa1 a6 27. Nc2 Bf6 28. Re1 Rxe1+ 29. Kxe1 h6 30. f3 Ke7 31. Nb4 Kd6
32. Ke2 Ke5 33. g3 Be7 34. Nd5 Bd6 35. f4+ Ke6 36. Kf3 g5 37. Ke4 gxf4 38.
gxf4 f6 39. f5+ Kf7 40. Kxd4 Be5+ 41. Kc5 Bxb2 42. Kb6 Bd4+ 43. Kxb7 a5 44.
Kc6 Ke8 45. c5 Kd8 46. a4 Be5 47. Kb7 { Black resigns } 1-0

[Event "ICC tourney 2545 (75 10)"]
[Site "Internet Chess Club"]
[Date "2021.05.02"]
[Round "4"]
[White "WANG, YUANZHE:yogokings12"]
[Black "CLOETE, JACK:kinpin007"]
[Result "1-0"]
[ICCResult "Black resigns"]
[WhiteElo "1577"]
[BlackElo "1525"]
[Opening "Caro-Kann: classical, Spassky variation"]
[ECO "B19"]
[NIC "CK.12"]
[Time "11:01:05"]
[PlyCount "53"]
[TimeControl "4500+10"]

1. e4 c6 2. d4 d5 3. Nc3 dxe4 4. Nxe4 Bf5 5. Ng3 Bg6 6. h4 h6 7. Nf3 Nd7 8.
h5 Bh7 9. Bd3 Bxd3 10. Qxd3 Ngf6 11. Bd2 e6 12. O-O-O Bd6 13. Ne4 Nxe4 14.
Qxe4 Nf6 15. Qe2 Qc7 16. g3 O-O-O 17. Kb1 c5 18. c3 cxd4 19. cxd4 Kb8 20.
Rc1 Qb6 21. Ne5 Rhf8 22. Nc4 Qxd4 23. Nxd6 Rxd6 24. Bf4 Qe4+ 25. Qxe4 Nxe4
26. Rhd1 Rd8 27. f3 { Black resigns } 1-0

[Event "ICC tourney 2545 (75 10)"]
[Site "Internet Chess Club"]
[Date "2021.05.02"]
[Round "4"]
[White "Lin, James:MeLikeGame"]
[Black "Coombs, Zachary:Zacman1"]
[Result "1-0"]
[ICCResult "Black resigns"]
[WhiteElo "1375"]
[BlackElo "1409"]
[Opening "Pirc: classical (two knights) system"]
[ECO "B08"]
[NIC "PU.10"]
[Time "11:01:05"]
[PlyCount "93"]
[TimeControl "4500+10"]

1. e4 d6 2. d4 Nf6 3. Nc3 g6 4. Nf3 Bg7 5. Bc4 c6 6. Bb3 Qc7 7. O-O e5 8.
d5 c5 9. Qe2 a6 10. a4 Bg4 11. h3 Bxf3 12. Qxf3 Nbd7 13. Re1 b6 14. Bg5 O-O
15. Ne2 c4 16. Ba2 b5 17. axb5 axb5 18. b3 Ra7 19. Be3 Nb6 20. Nc3 Ra5 21.
Bd2 b4 22. Na4 c3 23. Nxb6 cxd2 24. Red1 Qxc2 25. Bb1 Qc5 26. Na4 Qd4 27.
Bd3 Bh6 28. h4 Rc8 29. Rab1 Rc1 30. Kh2 Ng4+ 31. Qxg4 Qxd3 32. Rbxc1 dxc1=Q
33. Rxd3 Qc2 34. Rf3 Ra7 35. h5 Qc7 36. Rh3 Qc2 37. Kg1 Bf4 38. g3 Qb1+ 39.
Kh2 Qxb3 40. gxf4 Qxa4 41. hxg6 fxg6 42. Qc8+ Kg7 43. f5 Qd7 44. f6+ Kxf6
45. Qf8+ Kg5 46. Qh6+ Kf6 47. Rf3+ { Black resigns } 1-0

[Event "ICC tourney 2545 (75 10)"]
[Site "Internet Chess Club"]
[Date "2021.05.02"]
[Round "4"]
[White "LIAO, CONNOR:che2468"]
[Black "SKARIAH, ANUSHKA ELIZABETH:kskariah"]
[Result "0-1"]
[ICCResult "White checkmated"]
[WhiteElo "1423"]
[BlackElo "1424"]
[Opening "Queen's pawn: Chigorin variation"]
[ECO "D00"]
[NIC "QP.08"]
[Time "11:01:09"]
[PlyCount "104"]
[TimeControl "4500+10"]

1. d4 d5 2. Nc3 Bf5 3. Bf4 c6 4. f3 Nf6 5. e3 Nbd7 6. g4 Bg6 7. h4 h6 8.
Bd3 Bxd3 9. Qxd3 e6 10. Nge2 Be7 11. O-O-O Nb6 12. g5 Nh5 13. g6 f5 14. e4
O-O 15. Bd2 fxe4 16. fxe4 Nc4 17. e5 Nxd2 18. Qxd2 Bxh4 19. Kb1 Bg5 20. Qd3
Nf4 21. Nxf4 Bxf4 22. Na4 Qe7 23. Rdf1 Rf5 24. Qh3 Raf8 25. Nc5 b6 26. Nd3
Bg5 27. Rxf5 Rxf5 28. Rf1 Qf8 29. Rxf5 Qxf5 30. Qxf5 exf5 31. c3 h5 32. Kc2
h4 33. Nf2 Kf8 34. Kd1 Ke7 35. Ke2 Ke6 36. Kf3 a6 37. b3 c5 38. a4 Bd2 39.
Nd1 Be1 40. b4 cxd4 41. cxd4 Bxb4 42. Ne3 Be1 43. Ng2 Bg3 44. Ne3 f4 45.
Nc2 h3 46. Nb4 h2 47. Kg2 f3+ 48. Kh1 f2 49. Kg2 h1=Q+ 50. Kxg3 f1=Q 51.
Nxd5 Qhg2+ 52. Kh4 Qfh1# { White checkmated } 0-1

[Event "ICC tourney 2545 (75 10)"]
[Site "Internet Chess Club"]
[Date "2021.05.02"]
[Round "4"]
[White "DUVAL, GEORGE:Gduval"]
[Black "Ng, Sophia:sophiang2010"]
[Result "0-1"]
[ICCResult "White resigns"]
[WhiteElo "1451"]
[BlackElo "1272"]
[Opening "King's Indian: Four pawns attack"]
[ECO "E76"]
[NIC "KI.31"]
[Time "11:01:14"]
[PlyCount "66"]
[TimeControl "4500+10"]

1. d4 Nf6 2. c4 g6 3. Nc3 Bg7 4. e4 d6 5. f4 O-O 6. Nf3 Nbd7 7. Be2 b6 8.
O-O Bb7 9. d5 Nc5 10. Qc2 c6 11. Rb1 cxd5 12. exd5 Bc8 13. b4 Bf5 14. Qd1
Bxb1 15. bxc5 Bf5 16. cxd6 Qxd6 17. Kh1 Ne4 18. Nxe4 Bxe4 19. Bd3 Bxd3 20.
Qxd3 Rac8 21. Ng5 Qc5 22. Ba3 Qxc4 23. Qxc4 Rxc4 24. Bxe7 Re8 25. d6 Rd4
26. g3 Rc8 27. Nf3 Rd3 28. Ne5 Bxe5 29. fxe5 Rc2 30. e6 fxe6 31. Rf8+ Kg7
32. Rf1 Rdd2 33. Bf6+ Kg8 { White resigns } 0-1

[Event "ICC tourney 2545 (75 10)"]
[Site "Internet Chess Club"]
[Date "2021.05.02"]
[Round "4"]
[White "REYES, JOSE:Reyesjojo"]
[Black "GARCIA, CARLOS:cayo89"]
[Result "1/2-1/2"]
[ICCResult "Game drawn by mutual agreement"]
[WhiteElo "1523"]
[BlackElo "1517"]
[Opening "Old Indian defense"]
[ECO "A53"]
[NIC "OI.04"]
[Time "11:01:58"]
[PlyCount "74"]
[TimeControl "4500+10"]

1. d4 d6 2. c4 Nf6 3. Nc3 Nbd7 4. e4 e5 5. d5 Nc5 6. Qc2 a5 7. Nf3 Be7 8.
Be2 O-O 9. Be3 b6 10. O-O Ne8 11. Nd2 f5 12. f4 exf4 13. Bxf4 fxe4 14.
Ndxe4 Bf5 15. Bf3 Nf6 16. Qe2 Nfxe4 17. Nxe4 Nxe4 18. Bxe4 Bxe4 19. Qxe4
Bf6 20. Rab1 Re8 21. Qd3 Qd7 22. b3 Re7 23. Rf2 Rae8 24. Rbf1 Re1 25. h3
R1e4 26. Kh2 Rxf4 27. Rxf4 Be5 28. g3 Bxf4 29. Rxf4 Qe7 30. Qf1 Qe2+ 31.
Qf2 Qxf2+ 32. Rxf2 Re3 33. Kg2 g6 34. Rf3 Re2+ 35. Rf2 Re3 36. h4 Kg7 37.
Kh3 h5 { Game drawn by mutual agreement } 1/2-1/2

[Event "ICC tourney 2545 (75 10)"]
[Site "Internet Chess Club"]
[Date "2021.05.02"]
[Round "4"]
[White "Pulijala, Akshaj:akshajp"]
[Black "SULTAN, BASHIR Cisse:muzikmixer"]
[Result "1-0"]
[ICCResult "Black resigns"]
[WhiteElo "1487"]
[BlackElo "1511"]
[Opening "Pirc: Ufimtsev-Pytel variation"]
[ECO "A41"]
[NIC "QO.17"]
[Time "11:01:05"]
[PlyCount "87"]
[TimeControl "4500+10"]

1. d4 d6 2. Nc3 c6 3. e4 Nf6 4. Be3 Qa5 5. Qd2 e5 6. Nf3 Bg4 7. Be2 Nbd7 8.
O-O Qc7 9. Rad1 a6 10. Bg5 h6 11. Bxf6 Nxf6 12. Qe3 Be7 13. h3 Be6 14. b3
b5 15. Bd3 O-O 16. Ne2 Nxe4 17. Bxe4 f5 18. dxe5 fxe4 19. Qxe4 Bf5 20. Qd4
dxe5 21. Qxe5 Qxe5 22. Nxe5 Bf6 23. Nd3 a5 24. Nec1 a4 25. g4 Be4 26. f3
Bd4+ 27. Kg2 Bh7 28. Ne2 Be3 29. Rfe1 axb3 30. axb3 Rfe8 31. Nc3 Bd4 32.
Ne4 Ra2 33. Nf6+ Bxf6 34. Rxe8+ Kf7 35. Re2 Kf8 36. f4 c5 37. Kf3 c4 38.
bxc4 bxc4 39. Nb4 Rb2 40. Nd5 Bxc2 41. Rdd2 Rb3+ 42. Kg2 c3 43. Rxc2 Rb2
44. Nxf6 { Black resigns } 1-0

[Event "ICC tourney 2545 (75 10)"]
[Site "Internet Chess Club"]
[Date "2021.05.02"]
[Round "4"]
[White "VIDENA, DANIEL TUAPEN:Davide25"]
[Black "WAKIDA, KEN:Yamato1945"]
[Result "1/2-1/2"]
[ICCResult "Game drawn by mutual agreement"]
[WhiteElo "1528"]
[BlackElo "1419"]
[Opening "QGD: Tarrasch, Prague variation, 9.Bg5"]
[ECO "D34"]
[NIC "TD.03"]
[Time "11:01:05"]
[PlyCount "78"]
[TimeControl "4500+10"]

1. d4 d5 2. c4 e6 3. Nc3 c5 4. cxd5 exd5 5. Nf3 Nc6 6. g3 Nf6 7. Bg2 Be7 8.
O-O O-O 9. Bg5 c4 10. b3 h6 11. Bc1 cxb3 12. axb3 Ne4 13. Bb2 Nxc3 14. Bxc3
Bf5 15. Qd2 Be4 16. Rfc1 Rc8 17. Ne5 Bxg2 18. Kxg2 Nxe5 19. dxe5 Bc5 20. e3
Qd7 21. Rd1 Rfd8 22. Qb2 Qc6 23. Kg1 Bxe3 24. fxe3 Qxc3 25. Qxc3 Rxc3 26.
Rxa7 Rxb3 27. Ra5 b5 28. Kf2 Rb2+ 29. Kf3 h5 30. h4 Kf8 31. Ra7 Rc2 32. Rb7
Rb2 33. Rc1 Rb3 34. Rcc7 Kg8 35. Rxf7 Rf8 36. Rxf8+ Kxf8 37. Rd7 b4 38.
Rxd5 Ke7 39. Rd6 Rb1 { Game drawn by mutual agreement } 1/2-1/2

[Event "ICC tourney 2545 (75 10)"]
[Site "Internet Chess Club"]
[Date "2021.05.02"]
[Round "4"]
[White "Goldblatt, Steven:SGOLD9367"]
[Black "GIRISH, NIYATHI:missqueen"]
[Result "1-0"]
[ICCResult "Black resigns"]
[WhiteElo "1341"]
[BlackElo "1408"]
[Opening "QGD"]
[ECO "D30"]
[NIC "QP.08"]
[Time "11:01:58"]
[PlyCount "51"]
[TimeControl "4500+10"]

1. d4 d5 2. c4 e6 3. Nf3 Nf6 4. Bg5 Nbd7 5. e3 c6 6. Bd3 Qa5+ 7. Nbd2 Bb4
8. a3 Bxd2+ 9. Nxd2 dxc4 10. Bxf6 Nxf6 11. Bxc4 Qg5 12. Nf3 Qxg2 13. Rg1
Qh3 14. Rxg7 Ne4 15. Bf1 Qf5 16. Bd3 Qa5+ 17. b4 Qd5 18. Ne5 Nc3 19. Qh5
Rf8 20. Rxf7 Rxf7 21. Qxf7+ Kd8 22. Qf8+ Kc7 23. Qe7+ Kb8 24. Rc1 Na2 25.
Be4 Nxc1 26. Bxd5 { Black resigns } 1-0

[Event "ICC tourney 2545 (75 10)"]
[Site "Internet Chess Club"]
[Date "2021.05.02"]
[Round "4"]
[White "Chang, Linda:BairnOwl"]
[Black "ZHU, FLORINA:Florina12345"]
[Result "0-1"]
[ICCResult "White forfeits on time"]
[WhiteElo "1317"]
[BlackElo "1470"]
[Opening "Giuoco Piano: Möller (Therkatz) attack"]
[ECO "C54"]
[NIC "IG.02"]
[Time "11:01:27"]
[PlyCount "86"]
[TimeControl "4500+10"]

1. e4 e5 2. Nf3 Nc6 3. Bc4 Bc5 4. c3 Nf6 5. d4 exd4 6. cxd4 Bb4+ 7. Nc3
Nxe4 8. O-O Bxc3 9. d5 Ne7 10. bxc3 O-O 11. Re1 Nf6 12. d6 cxd6 13. Qxd6
Nf5 14. Qd3 d5 15. Bb3 Be6 16. Nd4 Qd7 17. Nxe6 fxe6 18. Bg5 h6 19. Bf4
Rfe8 20. Rad1 a5 21. a4 Qc6 22. c4 d4 23. Be5 Rad8 24. Bc2 Ng4 25. h3 Nxe5
26. Rxe5 b6 27. Rxf5 exf5 28. Qxf5 Qf6 29. Qh7+ Kf8 30. Bg6 Re2 31. Rf1 Ke7
32. Bh5 Re5 33. Bg4 d3 34. Rd1 d2 35. Kf1 Re1+ 36. Rxe1+ dxe1=Q+ 37. Kxe1
Qa1+ 38. Ke2 Qd1+ 39. Ke3 Qd2+ 40. Kf3 Rd3+ 41. Ke4 Rd4+ 42. Kf3 Qf4+ 43.
Ke2 Rd2+ { White forfeits on time } 0-1

[Event "ICC tourney 2545 (75 10)"]
[Site "Internet Chess Club"]
[Date "2021.05.02"]
[Round "4"]
[White "GUAN , TSZ YEUNG:DanielGuan"]
[Black "Dungi, Santosh:santoshroopak"]
[Result "1-0"]
[ICCResult "Black resigns"]
[WhiteElo "1298"]
[BlackElo "1559"]
[Opening "QGD Slav defense: exchange variation"]
[ECO "D10"]
[NIC "SL.01"]
[Time "11:01:06"]
[PlyCount "55"]
[TimeControl "4500+10"]

1. d4 d5 2. c4 c6 3. cxd5 cxd5 4. Nc3 Nc6 5. e3 Nf6 6. Nf3 e6 7. Bb5 a6 8.
Bd3 Bd6 9. O-O h6 10. a3 Ng4 11. h3 h5 12. e4 dxe4 13. Bxe4 Bc7 14. Re1 Bb6
15. Bxc6+ bxc6 16. hxg4 hxg4 17. Ng5 g3 18. Nf3 Bc7 19. Be3 Rb8 20. b4 a5
21. Rb1 Ba6 22. d5 Qf6 23. Ne4 gxf2+ 24. Nxf2 cxd5 25. Bg5 Qxg5 26. Nxg5
Bh2+ 27. Kh1 Bg3+ 28. Nfh3 { Black resigns } 1-0

[Event "ICC tourney 2545 (75 10)"]
[Site "Internet Chess Club"]
[Date "2021.05.02"]
[Round "4"]
[White "SPERBER, JACOB:jacobsperber"]
[Black "LIU, BO:Supersky"]
[Result "1-0"]
[ICCResult "Black resigns"]
[WhiteElo "1445"]
[BlackElo "1322"]
[Opening "QGD Slav: exchange variation"]
[ECO "D13"]
[NIC "SL.02"]
[Time "11:01:20"]
[PlyCount "79"]
[TimeControl "4500+10"]

1. d4 d5 2. c4 c6 3. cxd5 cxd5 4. Nf3 Nf6 5. Nc3 e6 6. Bf4 Bb4 7. Qa4+ Nc6
8. Ne5 Qb6 9. O-O-O O-O 10. e3 Bxc3 11. bxc3 Ne4 12. Qc2 Qa5 13. Rd3 f6 14.
Nxc6 bxc6 15. f3 e5 16. dxe5 Nc5 17. exf6 Rxf6 18. Rd4 Bf5 19. e4 dxe4 20.
fxe4 Nxe4 21. Qb3+ Kh8 22. Kb2 c5 23. Ra4 Qd8 24. g4 Rb6 25. gxf5 Rxb3+ 26.
axb3 Qd5 27. Bg2 Re8 28. Re1 Qxf5 29. Raxe4 Rxe4 30. Rxe4 Kg8 31. Bg3 Qd7
32. Re2 Qd3 33. Rf2 h6 34. Bh3 Qd5 35. Bg2 Qd3 36. Bf1 Qe3 37. Bc4+ Kh7 38.
Kc2 Qe4+ 39. Bd3 Qxd3+ 40. Kxd3 { Black resigns } 1-0

[Event "ICC tourney 2545 (75 10)"]
[Site "Internet Chess Club"]
[Date "2021.05.02"]
[Round "4"]
[White "ZHUGE, KATHERINE:FlowingMelody"]
[Black "XIE, CHARLES:charlestxie"]
[Result "0-1"]
[ICCResult "White checkmated"]
[WhiteElo "1465"]
[BlackElo "1427"]
[Opening "French: Tarrasch, closed variation"]
[ECO "C05"]
[NIC "FR.16"]
[Time "11:01:05"]
[PlyCount "134"]
[TimeControl "4500+10"]

1. e4 e6 2. d4 d5 3. Nd2 Nf6 4. e5 Nfd7 5. Ngf3 c5 6. c3 Nc6 7. Nb3 cxd4 8.
cxd4 f6 9. Bf4 fxe5 10. Nxe5 Ndxe5 11. Bxe5 Nxe5 12. dxe5 Bb4+ 13. Nd2 O-O
14. a3 Bc5 15. Nf3 Qb6 16. Qc2 Bd7 17. Bd3 h6 18. Bh7+ Kh8 19. O-O Be7 20.
Rad1 Rac8 21. Qb1 Be8 22. Bc2 Bh5 23. Rd3 Bxf3 24. Rxf3 Rxf3 25. gxf3 Qd4
26. Re1 Rf8 27. Qd1 Qxd1 28. Bxd1 Bc5 29. b4 Bd4 30. b5 Rc8 31. a4 Rc1 32.
Rf1 Bxe5 33. Bb3 Bxh2+ 34. Kg2 Rxf1 35. Kxf1 Kg8 36. Ke2 Kf7 37. Ke3 Ke7
38. Ke2 Kd6 39. Ke3 e5 40. Bc2 h5 41. Bf5 Kc5 42. Bc2 h4 43. Ke2 Bf4 44.
Kf1 h3 45. Kg1 h2+ 46. Kh1 d4 47. Kg2 Kc4 48. Bd1 d3 49. Kh1 Kc3 50. a5 b6
51. a6 Kd2 52. Bb3 Ke1 53. Ba4 d2 54. Bb3 d1=Q 55. Bxd1 Kxd1 56. Kg2 Kc2
57. Kh1 Kb3 58. Kg2 Kb4 59. Kh1 Kxb5 60. Kg2 Kxa6 61. Kh1 b5 62. Kg2 b4 63.
Kh1 b3 64. Kg2 b2 65. Kf1 b1=Q+ 66. Ke2 Qc2+ 67. Ke1 h1=Q# { White
checkmated } 0-1

[Event "ICC tourney 2545 (75 10)"]
[Site "Internet Chess Club"]
[Date "2021.05.02"]
[Round "5"]
[White "Dungi, Santosh:santoshroopak"]
[Black "Lin, James:MeLikeGame"]
[Result "1-0"]
[ICCResult "Black checkmated"]
[WhiteElo "1559"]
[BlackElo "1375"]
[Opening "Benkö gambit"]
[ECO "A57"]
[NIC "BI.46"]
[Time "14:31:09"]
[PlyCount "69"]
[TimeControl "4500+10"]

1. d4 Nf6 2. c4 c5 3. d5 b5 4. b3 a6 5. Bb2 d6 6. e3 Bd7 7. Nf3 e6 8. dxe6
fxe6 9. Bd3 Be7 10. O-O O-O 11. e4 b4 12. e5 dxe5 13. Nxe5 Nc6 14. Nxd7
Qxd7 15. Bxf6 Bxf6 16. Bxh7+ Kxh7 17. Qxd7 Bxa1 18. Qxc6 Bd4 19. Qxe6 Rf6
20. Qh3+ Kg8 21. Nd2 Raf8 22. Nf3 Rh6 23. Qg4 Bf6 24. Qe6+ Kh8 25. Qxa6 Be7
26. Qb7 Bd6 27. h3 g5 28. Nxg5 Kg8 29. Qd5+ Kg7 30. Ne6+ Rxe6 31. Qxe6 Bf4
32. Rd1 Bg3 33. Rd7+ Kh8 34. Qh6+ Kg8 35. Rg7# { Black checkmated } 1-0

[Event "ICC tourney 2545 (75 10)"]
[Site "Internet Chess Club"]
[Date "2021.05.02"]
[Round "5"]
[White "REMPE, LENNIK:Kokosnuss1000"]
[Black "DUVAL, GEORGE:Gduval"]
[Result "0-1"]
[ICCResult "White resigns"]
[WhiteElo "1081"]
[BlackElo "1451"]
[Opening "Caro-Kann: exchange variation"]
[ECO "B13"]
[NIC "CK.02"]
[Time "14:31:27"]
[PlyCount "36"]
[TimeControl "4500+10"]

1. e4 c6 2. d4 d5 3. exd5 cxd5 4. Nf3 Nc6 5. Nc3 Nf6 6. Be2 Qc7 7. O-O Bf5
8. Re1 e6 9. Bb5 Bd6 10. Ng5 Bxh2+ 11. Kh1 h6 12. Nf3 Bd6 13. Nh4 Bg4 14.
Qd3 a6 15. Bxc6+ Qxc6 16. Ng6 fxg6 17. Qxg6+ Kf8 18. Bd2 Bf5 { White
resigns } 0-1

[Event "ICC tourney 2545 (75 10)"]
[Site "Internet Chess Club"]
[Date "2021.05.02"]
[Round "5"]
[White "KRYLOV, RATISLAV:RatislavK"]
[Black "Coombs, Zachary:Zacman1"]
[Result "1-0"]
[ICCResult "Black resigns"]
[WhiteElo "1493"]
[BlackElo "1409"]
[Opening "Pirc: Holmov system"]
[ECO "B07"]
[NIC "PU.07"]
[Time "14:31:17"]
[PlyCount "93"]
[TimeControl "4500+10"]

1. e4 d6 2. d4 Nf6 3. Nc3 g6 4. Bc4 Bg7 5. e5 dxe5 6. dxe5 Qxd1+ 7. Nxd1
Ng4 8. f4 Bf5 9. h3 Nh6 10. Ne3 Be4 11. Nf3 Nf5 12. Kf2 Nxe3 13. Bxe3 Bxc2
14. Rac1 Ba4 15. Ng5 e6 16. g4 Bc6 17. Rhd1 Nd7 18. b4 a6 19. Rd2 h6 20.
Nf3 O-O 21. Nd4 Be4 22. Nxe6 fxe6 23. Bxe6+ Kh7 24. Rxd7 c6 25. Rxb7 Rae8
26. Bb3 Rxe5 27. Kg3 Rb5 28. Ra7 Rxb4 29. Bc5 Rxb3+ 30. axb3 Rd8 31. Rc3
Kh8 32. Re3 Bc2 33. Ree7 Rd3+ 34. Kg2 Rd2+ 35. Bf2 Rxf2+ 36. Kxf2 Bd4+ 37.
Ke2 Bxa7 38. Rxa7 Bxb3 39. Rxa6 Bd5 40. Ra7 Kg8 41. h4 Kh8 42. Ke3 Kg8 43.
Kd4 Kh8 44. Rc7 Kg8 45. Ke5 h5 46. gxh5 gxh5 47. Kf6 { Black resigns } 1-0

[Event "ICC tourney 2545 (75 10)"]
[Site "Internet Chess Club"]
[Date "2021.05.02"]
[Round "5"]
[White "SULTAN, BASHIR Cisse:muzikmixer"]
[Black "WANG, YUANZHE:yogokings12"]
[Result "1/2-1/2"]
[ICCResult "Game drawn by mutual agreement"]
[WhiteElo "1511"]
[BlackElo "1577"]
[Opening "English: Anglo-Grünfeld defense"]
[ECO "A16"]
[NIC "EO.64"]
[Time "14:31:15"]
[PlyCount "60"]
[TimeControl "4500+10"]

1. c4 Nf6 2. Nc3 d5 3. cxd5 Nxd5 4. e4 Nxc3 5. dxc3 Qxd1+ 6. Kxd1 Nc6 7.
Kc2 g6 8. Bf4 e5 9. Bg5 Be7 10. Bh6 Bf8 11. Be3 Bd7 12. b4 a6 13. Bc4 Bg7
14. a4 Ne7 15. Nf3 h6 16. b5 a5 17. Bc5 b6 18. Ba3 g5 19. h3 Ng6 20. Bd5
Rd8 21. Rad1 Bf8 22. Bxf8 Rxf8 23. g4 Ke7 24. c4 f6 25. Nd2 Be6 26. Nf3 Rd6
27. Rdg1 Rdd8 28. h4 Rh8 29. h5 Nf4 30. Kd2 Rd7 { Game drawn by mutual
agreement } 1/2-1/2

[Event "ICC tourney 2545 (75 10)"]
[Site "Internet Chess Club"]
[Date "2021.05.02"]
[Round "5"]
[White "Ng, Sophia:sophiang2010"]
[Black "Manley, Nicholas:NickManley1987"]
[Result "1-0"]
[ICCResult "Black resigns"]
[WhiteElo "1272"]
[BlackElo "1412"]
[Opening "Scotch: Schmidt variation"]
[ECO "C45"]
[NIC "SO.04"]
[Time "14:31:28"]
[PlyCount "100"]
[TimeControl "4500+10"]

1. e4 e5 2. Nf3 Nc6 3. d4 exd4 4. Nxd4 Nf6 5. Nc3 Bb4 6. Nxc6 bxc6 7. Bd3
d5 8. exd5 cxd5 9. O-O c6 10. Bf4 O-O 11. a3 Bxc3 12. bxc3 Bg4 13. Qd2 Re8
14. Rfe1 Qa5 15. h3 Bh5 16. Be5 Bg6 17. Qf4 Nd7 18. Bxg6 hxg6 19. Qd4 Nxe5
20. Rxe5 Rab8 21. Rae1 Rxe5 22. Qxe5 Qb6 23. Qf4 Qb2 24. Re7 Rf8 25. Rxa7
Qxc3 26. Qc1 Re8 27. Qf4 Qe1+ 28. Kh2 f5 29. Qc7 Qe5+ 30. Qxe5 Rxe5 31. Kg3
Re2 32. c3 Rc2 33. a4 Rxc3+ 34. Kf4 Kf8 35. a5 d4 36. Rd7 c5 37. a6 Ra3 38.
a7 Ke8 39. Rb7 c4 40. Rb8+ Kd7 41. a8=Q Rxa8 42. Rxa8 c3 43. Ra4 Ke6 44.
Rxd4 c2 45. Rc4 Kd5 46. Rxc2 Kd4 47. Re2 Kd3 48. Re8 Kd2 49. Kg5 Kd3 50.
Kxg6 f4 { Black resigns } 1-0

[Event "ICC tourney 2545 (75 10)"]
[Site "Internet Chess Club"]
[Date "2021.05.02"]
[Round "5"]
[White "SAXENA, VIHAAN:vihaan2011"]
[Black "STONE, GILBERT L:tightfist"]
[Result "1-0"]
[ICCResult "Black checkmated"]
[WhiteElo "1349"]
[BlackElo "1396"]
[Opening "French: Steinitz variation"]
[ECO "C11"]
[NIC "FR.04"]
[Time "14:32:04"]
[PlyCount "53"]
[TimeControl "4500+10"]

1. e4 e6 2. d4 d5 3. Nc3 Nf6 4. e5 Nfd7 5. Be3 c5 6. Nf3 Nc6 7. Bb5 Qb6 8.
dxc5 Nxc5 9. Bxc6+ bxc6 10. b3 Ba6 11. Qd2 Qc7 12. Bxc5 Bxc5 13. Ne2 O-O
14. O-O Rfd8 15. Rfe1 Rab8 16. Ng3 Ba3 17. Qg5 Be7 18. Qg4 Rb4 19. Nd4 c5
20. c3 Rb6 21. Nf3 Bb7 22. Nh5 Bf8 23. Nf6+ Kh8 24. Nxh7 g6 25. Qh4 Bg7 26.
Nf6+ Bh6 27. Qxh6# { Black checkmated } 1-0

[Event "ICC tourney 2545 (75 10)"]
[Site "Internet Chess Club"]
[Date "2021.05.02"]
[Round "5"]
[White "LIU, BO:Supersky"]
[Black "Li, Jingtu Oscar:ZYCON"]
[Result "0-1"]
[ICCResult "White resigns"]
[WhiteElo "1322"]
[BlackElo "1408"]
[Opening "Queen's pawn game"]
[ECO "D04"]
[NIC "QP.06"]
[Time "14:31:12"]
[PlyCount "58"]
[TimeControl "4500+10"]

1. d4 Nf6 2. Nf3 d5 3. e3 c5 4. c3 e6 5. Bb5+ Nc6 6. O-O Bd6 7. Qa4 Bd7 8.
Nbd2 O-O 9. Qc2 Rc8 10. b3 cxd4 11. exd4 Nb4 12. Qb1 Bxb5 13. c4 dxc4 14.
bxc4 Bxc4 15. Nxc4 Rxc4 16. a3 Nc2 17. Qb3 Qc7 18. Nd2 Rc3 19. Qa2 Nxa1 20.
Qxa1 Bxh2+ 21. Kh1 Qa5 22. d5 Be5 23. Bb2 Nxd5 24. Nb1 Qa4 25. g3 Qe4+ 26.
Kg1 Rxg3+ 27. fxg3 Qe3+ 28. Kh1 Qe4+ 29. Kh2 Qh4+ { White resigns } 0-1

[Event "ICC tourney 2545 (75 10)"]
[Site "Internet Chess Club"]
[Date "2021.05.02"]
[Round "5"]
[White "GIRISH, NIYATHI:missqueen"]
[Black "SHANKAR, ADITH:Queen4aKing"]
[Result "0-1"]
[ICCResult "White checkmated"]
[WhiteElo "1408"]
[BlackElo "1474"]
[Opening "Petrov: Cozio (Lasker) attack"]
[ECO "C42"]
[NIC "RG.03"]
[Time "14:32:02"]
[PlyCount "92"]
[TimeControl "4500+10"]

1. e4 e5 2. Nf3 Nf6 3. Nxe5 d6 4. Nf3 Nxe4 5. Qe2 Qe7 6. Nc3 Nf6 7. Qxe7+
Bxe7 8. Nb5 Kd8 9. Bc4 d5 10. Bb3 a6 11. Nc3 Be6 12. d3 c5 13. Ng5 h6 14.
Nxe6+ fxe6 15. O-O Rf8 16. h3 Kd7 17. Re1 Nc6 18. Na4 Rae8 19. Bf4 Bd6 20.
Be3 d4 21. Bd2 b5 22. Re2 bxa4 23. Bxa4 Kc7 24. Rae1 e5 25. Bb3 Nd7 26. c3
Nb6 27. Re4 g5 28. a3 Rf6 29. f3 a5 30. Kf2 a4 31. Ba2 Rb8 32. Rb1 dxc3 33.
Bxc3 Nd4 34. Bxd4 exd4 35. Ke2 Rf4 36. Re6 h5 37. Rh6 h4 38. Rh7+ Kc6 39.
Rh6 Nd5 40. Bxd5+ Kxd5 41. Rg6 Rf5 42. Rg7 Re8+ 43. Kd2 Bf4+ 44. Kd1 Rfe5
45. b4 Re1+ 46. Kc2 R8e2# { White checkmated } 0-1